 Dungeon Crawl Stone Soup version 0.19-a0-994-g3c636f0 (webtiles) character file.

81 mistymad the Poker (level 4, -5/35 HPs)
             Began as a Merfolk Skald on July 16, 2016.
             Slain by Natasha (9 damage)
             ... on level 2 of the Dungeon.
             The game lasted 00:03:39 (1806 turns).

mistymad the Poker (Merfolk Skald)                  Turns: 1806, Time: 00:03:40

Health: -5/35      AC:  5    Str: 13    XL:     4   Next: 40%
Magic:  7/7        EV: 12    Int: 11    God:
Gold:   49         SH:  0    Dex: 13    Spells: 3 memorised, 3 levels left

rFire  . . .     SeeInvis .     a - +0 spear
rCold  . . .     Gourm    .     b - +0 leather armour
rNeg   . . .     Faith    .     (no shield)
rPois  .         Spirit   .     i - +1 helmet
rElec  .         Dismiss  .     (no cloak)
rCorr  .         Reflect  .     (no gloves)
SustAt .         Harm     .     (no boots)
MR     .....                    (no amulet)
Stlth  +.........               (no ring)
                                (no ring)

@: very slightly contaminated, slowed, invisible, very slow, not resistant to
hostile enchantments, very unstealthy
A: change form in water, swift swim
a: no special abilities


You were on level 2 of the Dungeon.
You were not hungry.

You visited 1 branch of the dungeon, and saw 2 of its levels.

You collected 49 gold pieces.

Inventory:

Hand Weapons
 a - a +0 spear (weapon)
Armour
 b - a +0 leather armour (worn)
 i - a +1 helmet (worn)
Jewellery
 h - a cursed ring of teleportation {unknown}
 k - an uncursed ring of ice {unknown}
 l - a cursed -4 ring of evasion {unknown}
Wands
 j - a wand of slowing (21/48)
Scrolls
 m - a scroll of teleportation {unknown}
Potions
 g - 2 potions of flight {unknown}
Books
 c - a book of Battle

   Spells                             Type                      Level
   a - Infusion                       Charms                       1
   b - Shroud of Golubria             Charms/Translocation         2
   c - Song of Slaying                Charms                       2
   d - Spectral Weapon                Hexes/Charms                 3
   e - Regeneration                   Charms/Necromancy            3
Comestibles
 d - 2 bread rations


   Skills:
 + Level 3.2 Fighting
 + Level 4.0 Polearms
 - Level 0.6 Armour
 + Level 2.5 Dodging
 + Level 2.5 Spellcasting
 + Level 3.5 Charms


You had 3 spell levels left.
You knew the following spells:

 Your Spells              Type           Power        Failure   Level  Hunger
a - Infusion              Chrm           #...         10%         1    ##.....
b - Song of Slaying       Chrm           #.......     14%         2    ###....
c - Shroud of Golubria    Chrm/Tloc      #.........   30%         2    ###....


Dungeon Overview and Level Annotations

Branches:
Dungeon (2/15)

Altars:

Annotations:
D:2 Natasha


Message History

You take 5 damage, and have 11/35 hp.
You hit Natasha but do no damage.
Natasha is severely wounded.
The white imp disappears in a puff of smoke!
Natasha casts a spell at you. The magic dart hits you!
* * * LOW HITPOINT WARNING * * *
The shadow imp barely misses you.
You take 4 damage, and have 7/35 hp.
You barely miss Natasha.
Natasha is severely wounded.
Natasha closely misses you. The shadow imp closely misses you.
The shadow imp hits you.
* * * LOW HITPOINT WARNING * * *
Natasha closely misses you. The shadow imp barely misses you.
You take 3 damage, and have 4/35 hp.
It was a potion of invisibility.
You fade into invisibility!
The shadow imp barely misses you. Natasha claws you!
You die...

#...# ### ##
.....#...# . ##.
....##...## g.
##(.##......#....##.S
#....#<...# ##...###
#....#....####....###
#.......%.#.###.....#
#..5h§..###.# ##.....
#..5@##..#..# ##....
#...........# ###..
#...$.......# ###
#............#
#...!........#
.......####.### .
#...##### #.# . #...
##.### # .. #....# #


You could see Natasha and 2 shadow imps.

Vanquished Creatures
  2 adders (D:2)
  An ooze (D:1)
  3 worms (D:2)
  3 dart slugs
  A giant gecko (D:1)
  2 ball pythons (D:1)
  4 giant cockroaches
  6 goblins
  A hobgoblin (D:1)
  3 jackals (D:1)
  2 bats (D:1)
  3 giant newts (D:1)
  8 kobolds
  6 rats (D:1)
45 creatures vanquished.

Notes
Turn   | Place    | Note
-------+----------+-------------------------------------------
     0 | D:1      | mistymad the Merfolk Skald began the quest for the Orb.
     0 | D:1      | Reached XP level 1. HP: 16/16 MP: 3/3
   247 | D:1      | Reached XP level 2. HP: 23/23 MP: 5/5
   251 | D:1      | Learned a level 2 spell: Song of Slaying
   254 | D:1      | Learned a level 2 spell: Shroud of Golubria
   683 | D:1      | Reached XP level 3. HP: 28/28 MP: 6/6
  1400 | D:2      | Reached XP level 4. HP: 35/35 MP: 5/7
  1428 | D:2      | Reached skill level 4 in Polearms
  1788 | D:2      | Noticed Natasha
  1806 | D:2      | Slain by Natasha

Vault maps used:
D:1:      matt_arrival_spirals
D:2:      lightli_corner_chamber, uniq_natasha

Skill      XL: |  1  2  3  4 |
---------------+-------------+-----
Dodging        | 2 |  2.5
Fighting       | 3 |  3.2
Polearms       | 4 |  4.0
Armour         | |  0.6
Spellcasting   | |  2.5
Charms         | |  3.5

Action                   |  1- 3 |  4- 6 || total
-------------------------+-------+-------++-------
Melee: Spear             |   141 |    58 ||   199
 Cast: Infusion          |     1 |     1 ||     2
       Shroud of Golubri |       |     1 ||     1
  Use: Scroll            |     2 |     1 ||     3
       Potion            |       |     1 ||     1
 Stab: Sleeping          |     1 |       ||     1
  Eat: Chunk             |     1 |     2 ||     3
Armor: Leather armour    |    27 |     9 ||    36
Dodge: Dodged            |    81 |    30 ||   111
